 Dungeon Crawl Stone Soup version 0.31-a0-799-g6bc09d0 (webtiles) character file.

Game seed: 10468616041102944992

453 BarneyGumball the Cutter (level 7, -1/34 HPs)
             Began as a Vine Stalker Brigand on Sept 19, 2023.
             Succumbed to a kobold brigand's curare-tipped dart
             ... in a sewer.
             The game lasted 00:17:13 (3218 turns).

BarneyGumball the Cutter (Vine Stalker Brigand)     Turns: 3218, Time: 00:17:14

Health: -1/34      AC:  5    Str: 14    XL:     7   Next: 5%
Magic:  1/8        EV: 11    Int: 11    God:
Gold:   185        SH:  0    Dex: 17    Spells: 6/6 levels left

rFire   . . .        w - +1 rapier (speed)
rCold   . . .        (no shield)
rNeg    . . .        f - +0 leather armour
rPois   .            (no helmet)
rElec   .            c - +0 cloak
rCorr   .            (no gloves)
SInv    .            j - +0 pair of boots
Will    .....        (no amulet)
Stlth   +++          (no ring)
HPRegen 1.05/turn    (no ring)
MPRegen 0.11/turn

%: guardian spirit
@: lethally poisoned (-1 -> -7)
A: fangs 2, regeneration 1, magic shield, antimagic bite, no potion heal 2
a: no special abilities


You were in a sewer.
You visited 1 branch of the dungeon, and saw 4 of its levels.
You also visited: Sewer.

You collected 185 gold pieces.

Inventory:

Hand Weapons
 a - a +2 dagger
 w - a +1 rapier of speed (weapon)
Missiles
 d - 6 poisoned darts (quivered)
 e - 2 curare-tipped darts
Armour
 c - a +0 cloak (worn)
 f - a +0 leather armour (worn)
 j - a +0 pair of boots (worn)
Wands
 q - a wand of flame (12)
 v - a wand of charming (11)
Scrolls
 b - a scroll of acquirement {unknown}
 h - 5 scrolls of identify {unknown}
 i - a scroll of blinking {unknown}
 k - 2 scrolls of noise {unknown}
 s - a scroll of revelation {unknown}
 u - 2 scrolls of fear {unknown}
 x - a scroll of silence {unknown}
Potions
 l - a potion of mutation {unknown}
 m - a potion of lignification
 n - a potion of attraction {unknown}
 o - a potion of curing {unknown}
 p - a potion of resistance {unknown}
 t - a potion of berserk rage {unknown}


   Skills:
 - Level 1.7 Fighting
 + Level 6.6 Short Blades
 - Level 1.7 Throwing
 - Level 0.7 Dodging
 - Level 5.0 Stealth


You had 6 spell levels left.
You didn't know any spells.
Your spell library contained the following spells:

 Spells                   Type           Power      Damage    Failure   Level
 Apportation              Tloc           0%         N/A       41%         1
 Jinxbite                 Hex            0%         N/A       56%         2
 Alistair's Intoxication  Tmut/Pois      0%         N/A       100%        5


Dungeon Overview and Level Annotations

Branches:
Dungeon (4/15)              Sewer (1/1)
 Temple: D:4-7

Altars:
Elyvilon

Shops:
D:2 :   D:3 (

Annotations:
D:4 2 transporters, Menkaure


Innate Abilities, Weirdness & Mutations

You have extremely sharp teeth.
Your natural rate of healing is unusually fast.
When hurt, damage is shared between your health and your magic reserves.
Your bite disrupts and absorbs the magic of your enemies.
Potions cannot restore your health.


Message History

You hear a splash.
You feel sick.
The kobold brigand throws a curare-tipped dart.
The curare-tipped dart hits you.
You are more poisoned.
You have difficulty breathing.
You feel as though you will be slow longer.
Throw: 7 darts (poison)
Press: ? - help, Q - select action, (/) - cycle Shift-Dir - straight line, f - worm, p - kobold brigand
Aim: a worm (poisoned, 76% to hit)
You throw a poisoned dart. The poisoned dart hits the worm.
The worm looks even sicker.
You hear a splash.
You feel very sick.
The kobold brigand throws a curare-tipped dart.
The curare-tipped dart hits you.
You are lethally poisoned!
You have difficulty breathing.
* * * LOW HITPOINT WARNING * * *
You feel as though you will be slow longer.
It was a potion of lignification.
You turn into a tree.
Your +0 cloak melds into your body.
Your +0 pair of boots melds into your body.
Your +0 leather armour melds into your body.
Your roots penetrate the ground.
* * * LOW HITPOINT WARNING * * *
You feel very sick.
The kobold brigand throws a curare-tipped dart.
The curare-tipped dart hits you.
You have difficulty breathing.
* * * LOW HITPOINT WARNING * * *
You feel as though you will be slow longer.
It was a potion of cancellation.
Your magical effects are unravelling.
You feel magically purged.
You feel less wooden.
Your +0 cloak unmelds from your body.
Your +0 pair of boots unmelds from your body.
Your +0 leather armour unmelds from your body.
You feel yourself speed up.
You die...

#. (# #~ (# #(
~# ~#~ (K~ #.
#w# #~ #~#
#~###@# #~~~.~#
##~~~## #~~.#
#~..# #..~##
#~~ #.~~.##
#..~
#.~~..#####~.~.
##....~~~~~..~~


You could see a kobold brigand (very poisoned) and a worm (very poisoned).

Vanquished Creatures
  2 phantoms (D:4)
  An orc priest (D:3)
  2 jellies
  Jessica (D:2)
  An orc wizard (D:4)
  3 gnolls
  5 adders
  A worm (D:2)
  A dart slug (D:3)
  4 orcs
  3 endoplasms (D:1)
  2 giant cockroaches
  6 goblins
  6 hobgoblins
  7 jackals
  6 quokkas
  3 ball pythons (D:1)
  2 bats
  9 frilled lizards
  9 kobolds
  22 rats
96 creatures vanquished.

Notes
Turn   | Place    | Note
-------+----------+-------------------------------------------
     0 | D:1      | BarneyGumball the Vine Stalker Brigand began the quest for
                  | the Orb.
     0 | D:1      | Reached XP level 1. HP: 11/11 MP: 2/2
   207 | D:1      | Reached skill level 2 in Short Blades
   207 | D:1      | Reached skill level 5 in Stealth
   254 | D:1      | Reached XP level 2. HP: 15/15 MP: 3/3
   826 | D:2      | Noticed Jessica
  1020 | D:2      | Reached XP level 3. HP: 18/18 MP: 4/4
  1035 | D:2      | Reached skill level 3 in Short Blades
  1187 | D:2      | Found Bazefiod's Book Shoppe.
  1280 | D:2      | Found a faded altar of an unknown god.
  1394 | D:2      | Reached XP level 4. HP: 23/23 MP: 5/5
  1534 | D:2      | Killed Jessica
  1535 | D:2      | Reached skill level 4 in Short Blades
  1814 | D:3      | Reached XP level 5. HP: 26/26 MP: 6/6
  2424 | D:3      | Found Foner's Weapon Boutique.
  2642 | D:4      | Reached skill level 5 in Short Blades
  2736 | D:4      | Noticed a phantom
  2810 | D:4      | Found a transporter.
  2821 | D:4      | Found a transporter.
  2842 | D:4      | Reached XP level 6. HP: 23/30 MP: 7/7
  2988 | D:4      | Noticed Menkaure
  3123 | D:4      | Reached skill level 6 in Short Blades
  3139 | D:4      | Reached XP level 7. HP: 34/34 MP: 8/8
  3154 | D:4      | Found a white marble altar of Elyvilon.
  3175 | D:4      | Found a glowing drain.
  3191 | Sewer    | Entered a sewer
  3218 | Sewer    | Succumbed to a kobold brigand's curare-tipped dart

Illustrated notes

Levels and vault maps discovered:
D:1:      saegor_arrival_simple_d, layout_basic, minmay_misc_feat_five,
          kennysheep_flooded_box
D:2:      layout_loops_cross, serial_shops, nicolae_shop_rolling_square,
          ebering_ecumenical_altar_petrified, minmay_rat_hole, uniq_jessica
D:3:      layout_basic, serial_shops, shop
D:4:      gammafunk_steamed_eel, layout_cave_pools, elyvilon_altar_5,
          minmay_overflow_temple_hex, portal_sewer_entry_d, uniq_menkaure
Sewer:    sewer_co_tree

Skill      XL: |  1  2  3  4  5  6 |
---------------+-------------------+-----
Short Blades   | 2 3 4 5 6 |  6.6
Stealth        | 5 |  5.0
Fighting       | |  1.7
Throwing       | |  1.7
Dodging        | |  0.7

Action                     |  1- 3 |  4- 6 |  7- 9 || total
---------------------------+-------+-------+-------++-------
  Melee: Dagger            |   109 |    85 |       ||   194
         Bite              |    14 |    41 |     1 ||    56
         Punch             |     1 |     1 |       ||     2
         Rapier            |       |    30 |     5 ||    35
  Throw: Dart              |     4 |     8 |     8 ||    20
         Javelin           |       |     4 |     1 ||     5
  Evoke: Wand              |       |     2 |       ||     2
    Use: Potion            |       |       |     2 ||     2
   Stab: Sleeping          |    10 |     6 |       ||    16
 Armour: Leather armour    |    37 |    36 |     1 ||    74
  Dodge: Dodged            |    38 |    39 |     4 ||    81

Table legend: (Time is in decaauts)
 A = Elapsed time spent in this place.
 B = Non-inter-level travel time spent in this place.
 C = Inter-level travel time spent in this place.
 D = Time resting spent in this place.
 E = Time spent auto-exploring this place.
 F = Levels seen in this place.
 G = Mean time per level.
                   A        B        C        D        E       F      G
               +--------+--------+--------+--------+--------+-----+--------+
         Total |   3183 |   2880 |    303 |      4 |   1871 |   5 |  636.6 |
       Dungeon |   3150 |   2847 |    303 |      4 |   1865 |   4 |  787.5 |
         Sewer |     32 |     32 |      0 |      0 |      6 |   1 |   32.0 |
               +--------+--------+--------+--------+--------+-----+--------+

Top non-repeatable levels by time:
     D:3: 1038 daAuts
     D:1: 855 daAuts
     D:2: 813 daAuts
     D:4: 444 daAuts
   Sewer: 32 daAuts
